 Dungeon Crawl Stone Soup version 0.20.0-8-g6b59dc7 (webtiles) character file.

2095 uglyjohn the Protected (level 9, 0/68 HPs)
             Began as a Minotaur Hunter on May 31, 2017.
             Was a Believer of Okawaru.
             Slain by an orc warrior
             ... wielding a +1 halberd of freezing
              (16 damage)
             ... on level 6 of the Dungeon.
             The game lasted 00:15:05 (5077 turns).

uglyjohn the Protected (Minotaur Hunter)            Turns: 5077, Time: 00:15:05

Health: 0/68       AC: 15    Str: 19      XL:     9   Next: 7%
Magic:  8/8        EV:  9    Int:  8      God:    Okawaru [**....]
Gold:   124        SH:  0    Dex: 14 (15) Spells: 8/8 levels left

rFire    . . .     SeeInvis .   n - +0 war axe
rCold    . . .     Gourm    .   (no shield)
rNeg     . . .     Faith    .   l - +0 chain mail
rPois    .         Spirit   .   (helmet restricted)
rElec    .         Reflect  .   o - +0 cloak
rCorr    .         Harm     .   r - +0 pair of gloves
MR       .....                  (no boots)
Stlth    ..........             u - amulet of regeneration
Regen    0.7/turn               h - +3 ring of dexterity
MPRegen  0.2/turn               (no ring)

@: no status effects
A: retaliatory headbutt, horns 2
a: Heroism, Renounce Religion


You were on level 6 of the Dungeon.
You worshipped Okawaru.
Okawaru was pleased with you.
You were not hungry.

You visited 1 branch of the dungeon, and saw 6 of its levels.
You also visited: Sewer.

You collected 377 gold pieces.
You spent 253 gold pieces at shops.

Inventory:

Hand Weapons
 a - a +2 hand crossbow
 b - a +2 whip of electrocution
 n - a +0 war axe (weapon)
Missiles
 d - 18 bolts
Armour
 c - a +0 leather armour
 l - a +0 chain mail (worn)
 o - a +0 cloak (worn)
 r - a +0 pair of gloves (worn)
Jewellery
 h - a +3 ring of dexterity (left hand)
 p - an uncursed amulet of guardian spirit
 q - a +3 amulet of reflection
 u - an amulet of regeneration (around neck)
Wands
 F - a wand of paralysis (9/24)
Scrolls
 e - a scroll of fog
 m - a scroll of recharging {unknown}
 y - a scroll of remove curse
 z - 2 scrolls of enchant armour {unknown}
 A - a scroll of magic mapping
 B - 2 scrolls of identify
Potions
 i - a potion of might
 j - 2 potions of curing
 k - a potion of heal wounds
 t - a potion of ambrosia
 w - a potion of degeneration {unknown}
 C - 3 potions of brilliance
 D - a potion of lignification {unknown}
 E - a potion of berserk rage {unknown}
 H - a potion of haste
Books
 v - a book of Maledictions

   Spells                             Type                      Level
   a - Corona                         Hexes                        1
   b - Ensorcelled Hibernation        Hexes/Ice                    2
   c - Confuse                        Hexes                        3
   d - Tukima's Dance                 Hexes                        3
   e - Dazzling Spray                 Conjuration/Hexes            3
Comestibles
 f - 3 bread rations
 g - a fruit
 s - 3 royal jellies
 x - a meat ration
 G - 5 chunks of flesh


   Skills:
 - Level 2.4 Fighting
 + Level 2.6 Axes
 - Level 7.0 Crossbows
 - Level 12.2 Armour
 - Level 2.1 Dodging
 - Level 0.7 Stealth


You had 8 spell levels left.
You didn't know any spells.

Dungeon Overview and Level Annotations

Branches:
Dungeon (6/15)             Temple (0/1) D:5

Altars:
Ashenzari
Kikubaaqudgha
Nemelex Xobeh
Okawaru
Trog
Yredelemnul
The Shining One

Shops:
D:5 *?


Innate Abilities, Weirdness & Mutations

You reflexively headbutt those who attack you in melee.
You have a pair of horns on your head.


Message History

The orc warrior freezes you.
* * * LOW HITPOINT WARNING * * *
You feel much better.
The orc priest calls upon Beogh to heal the orc warrior.
The orc warrior is healed somewhat.
You hit the orc warrior but do no damage.
The orc warrior is lightly wounded.
Your chain mail prevents you from hitting the orc priest.
The orc warrior hits you with a halberd of freezing!
* * * LOW HITPOINT WARNING * * *
The orc warrior freezes you.
* * * LOW HITPOINT WARNING * * *
The orc priest hits you but does no damage.
The orc warrior hits you but does no damage.
Unknown command.
Unknown command.
Okay, then.
Unknown command.
The orc warrior hits you from afar with a halberd of freezing!
You die...

#........# #..............
#..............# ...
#....#.##..#.#...# ..#
###..####.####...# # #.#
#..##.....##...# . #.#
#..##.....##...# ####.###
#...'.._..'....#
#......######..#.......#...# #
#......?..o.@..##..........#
#####..(...$..o....##..'##.....#
........#..)#####...##..####...#
....o######.# #..............#
.....# .# #........(.....#
..#..# .# ####..####.###.#
..#..+ .# #.(.........# ######
.# ##.########## .# ###


You could see an orc warrior and an orc priest.

Vanquished Creatures
  The ghost of lukano the Skirmisher, a novice MiBe of Trog (Sewer)
  The ghost of tsuxds the Skirmisher, an amateur KoBe of Trog (D:4)
  The ghost of Trevise the Ruffian, an amateur DrTm (D:3)
  A phantom (D:5)
  4 ogres
  A centaur (D:5)
  2 bullfrogs (Sewer)
  A scorpion (D:6)
  A bullfrog zombie (D:6)
  A crimson imp (D:5)
  A hound (D:6)
  A jelly (D:5)
  A quasit (D:6)
  2 orc priests (D:5)
  2 centaur skeletons (D:6)
  Jessica (D:2)
  An iguana (D:4)
  Natasha (thrice) (D:4)
  5 orc wizards
  A worker ant (D:5)
  8 adders
  An adder zombie (D:5)
  An adder skeleton (D:4)
  3 worms
  2 dart slugs
  5 leopard geckos
  26 orcs
  2 ball pythons
  7 giant cockroaches
  3 goblins
  4 hobgoblins
  8 jackals
  7 kobolds
  2 quokkas
  6 bats
  9 frilled lizards (Sewer)
  3 goblin skeletons (D:6)
  A goblin zombie (D:6)
  2 hobgoblin zombies (D:6)
  A jackal skeleton (D:4)
  A jackal zombie (D:6)
  A kobold skeleton (D:6)
  2 orc zombies (D:6)
  A rat (D:3)
138 creatures vanquished.

Vanquished Creatures (others)
  5 toadstools (D:1)
5 creatures vanquished.

Grand Total: 143 creatures vanquished

Notes
Turn   | Place    | Note
-------+----------+-------------------------------------------
     0 | D:1      | uglyjohn the Minotaur Hunter began the quest for the Orb.
     0 | D:1      | Reached XP level 1. HP: 18/18 MP: 0/0
   264 | D:1      | Reached skill level 1 in Armour
   534 | D:1      | Reached skill level 2 in Armour
   534 | D:1      | Reached XP level 2. HP: 22/25 MP: 1/1
   570 | D:2      | Found a sparkling altar of Nemelex Xobeh.
   753 | D:2      | Reached skill level 3 in Armour
   926 | D:2      | Reached XP level 3. HP: 30/30 MP: 2/2
  1059 | D:2      | Noticed Jessica
  1067 | D:2      | Killed Jessica
  1067 | D:2      | Reached skill level 4 in Armour
  1596 | D:2      | Found a sparkling altar of Nemelex Xobeh.
  1596 | D:2      | Found a transporter.
  1596 | D:2      | Noticed a hippogriff
  1699 | D:3      | Reached XP level 4. HP: 37/37 MP: 3/3
  1756 | D:3      | Found a shattered altar of Ashenzari.
  1757 | D:3      | Noticed an ogre
  1763 | D:3      | Killed an ogre
  1763 | D:3      | Reached skill level 5 in Armour
  1763 | D:3      | Reached XP level 5. HP: 25/42 MP: 4/4
  1898 | D:3      | Reached skill level 6 in Armour
  1968 | D:3      | Noticed Trevise's ghost (amateur DrTm)
  1982 | D:3      | Killed Trevise's ghost
  1982 | D:3      | Reached skill level 7 in Armour
  1982 | D:3      | Reached XP level 6. HP: 47/50 MP: 5/5
  2372 | D:4      | Reached skill level 8 in Armour
  2471 | D:4      | Noticed Natasha
  2478 | D:4      | Killed Natasha
  2501 | D:4      | Noticed Natasha
  2505 | D:4      | Killed Natasha
  2571 | D:4      | Noticed tsuxds's ghost (amateur KoBe)
  2640 | D:4      | Noticed Natasha
  2647 | D:4      | Killed Natasha
  2650 | D:4      | Reached XP level 7. HP: 56/56 MP: 6/6
  2653 | D:4      | Reached skill level 9 in Armour
  2760 | D:4      | Found an ancient bone altar of Kikubaaqudgha.
  2794 | D:4      | Killed tsuxds's ghost
  2794 | D:4      | Reached skill level 10 in Armour
  2873 | D:4      | Found an iron altar of Okawaru.
  2892 | D:4      | Became a worshipper of Warmaster Okawaru
  2903 | D:4      | Found a glowing drain.
  2928 | Sewer    | Entered a sewer
  3036 | Sewer    | Noticed lukano's ghost (novice MiBe)
  3070 | Sewer    | Killed lukano's ghost
  3070 | Sewer    | Reached * piety under Okawaru
  3070 | Sewer    | Reached skill level 11 in Armour
  3070 | Sewer    | Reached XP level 8. HP: 27/62 MP: 7/7
  3638 | D:5      | Entered Level 5 of the Dungeon
  3684 | D:5      | Found Gehoh's Magic Scroll Shoppe.
  3692 | D:5      | Bought a scroll of magic mapping for 42 gold pieces
  3692 | D:5      | Bought 3 scrolls of identify for 72 gold pieces
  3692 | D:5      | Bought a scroll of torment for 90 gold pieces
  3732 | D:5      | Found a staircase to the Ecumenical Temple.
  3812 | D:5      | Reached skill level 12 in Armour
  3981 | D:5      | Reached skill level 5 in Crossbows
  4027 | D:5      | Found Vehotefefi's General Store.
  4278 | D:5      | Bought a +0 war axe for 49 gold pieces
  4381 | D:5      | Reached ** piety under Okawaru
  4617 | D:6      | Found a basalt altar of Yredelemnul.
  4653 | D:6      | Found a bloodstained altar of Trog.
  4785 | D:6      | HP: 3/62 [orc priest/divine providence (13)]
  4940 | D:6      | Reached skill level 1 in Axes
  4940 | D:6      | Reached XP level 9. HP: 66/68 MP: 8/8
  5030 | D:6      | Found a glowing golden altar of the Shining One.
  5073 | D:6      | HP: 3/68 [orc warrior/halberd of freezing (7)]
  5077 | D:6      | Slain by an orc warrior

Skill      XL: |  1  2  3  4  5  6  7  8  9 |
---------------+----------------------------+-----
Armour         | 2 3 4 5 7 8 11 12 | 12.2
Crossbows      | 7 |  7.0
Axes           | 1 2 |  2.6
Fighting       | |  2.4
Dodging        | |  2.1
Stealth        | |  0.7

Action                   |  1- 3 |  4- 6 |  7- 9 || total
-------------------------+-------+-------+-------++-------
Melee: Whip              |    54 |    56 |   238 ||   348
       Short sword       |     1 |       |       ||     1
       Headbutt          |     9 |     6 |    45 ||    60
       War axe           |       |       |    47 ||    47
 Fire: Hand crossbow     |     1 |     1 |    14 ||    16
  Use: Scroll            |     3 |     5 |     5 ||    13
       Potion            |       |       |     4 ||     4
 Stab: Distracted        |     1 |       |       ||     1
  Eat: Chunk             |     2 |     3 |     9 ||    14
Armor: Leather armour    |    12 |    17 |     7 ||    36
       Chain mail        |       |       |   199 ||   199
Dodge: Dodged            |    28 |    31 |   163 ||   222
Block: Other             |     5 |     3 |       ||     8
